 Dungeon Crawl Stone Soup version 0.29-a0-330-g52719c12eb (webtiles) character file.

Game seed: 11820879276831652461

79 HoaS the Bolt Thrower (level 4, -2/26 HPs)
             Began as a Kobold Hunter on May 20, 2022.
             Slain by an orc
             ... wielding a +2 mace of protection
              (4 damage)
             ... on level 2 of the Dungeon.
             The game lasted 00:04:07 (1603 turns).

HoaS the Bolt Thrower (Kobold Hunter)               Turns: 1603, Time: 00:04:08

Health: -2/26      AC:  3    Str:  8    XL:     4   Next: 64%
Magic:  4/4        EV: 14    Int: 10    God:
Gold:   160        SH:  0    Dex: 20    Spells: 3/3 levels left

rFire   . . .      SeeInvis .   a - +1 hand crossbow
rCold   + . .      Faith    .   (no shield)
rNeg    . . .      Spirit   .   b - +0 leather armour
rPois   .          Reflect  .   (no helmet)
rElec   .          Harm     .   f - scarf {shadows}
rCorr   .          Rampage  .   (no gloves)
Will    .....                   (no boots)
Stlth   +++.......              (no amulet)
HPRegen 0.08/turn               e - ring of protection from cold
MPRegen 0.09/turn               (no ring)

@: no status effects
A: small, no large weapons, nightstalker 3
a: no special abilities


You were on level 2 of the Dungeon.
You visited 1 branch of the dungeon, and saw 3 of its levels.

You collected 160 gold pieces.

Inventory:

Hand Weapons
 a - a +1 hand crossbow (weapon)
Armour
 b - a +0 leather armour (worn)
 f - a scarf of shadows (worn)
 n - a +1 scale mail of willpower
Jewellery
 e - a ring of protection from cold (left hand)
Scrolls
 c - a scroll of immolation
Potions
 d - a potion of attraction {unknown}
 g - 2 potions of haste {unknown}
 i - a potion of magic {unknown}
 j - 3 potions of heal wounds {unknown}
 k - 2 potions of degeneration {unknown}
 m - a potion of mutation {unknown}


   Skills:
 - Level 2.1 Fighting
 + Level 7.6 Crossbows
 - Level 2.4 Dodging
 - Level 1.3 Stealth


You had 3 spell levels left.
You didn't know any spells.
Your spell library contained the following spells:

 Spells                   Type           Power      Damage    Failure   Level
 Animate Skeleton         Necr           0%         N/A       50%         1
 Apportation              Tloc           0%         N/A       50%         1
 Sting                    Tmut/Pois      0%         1d3       50%         1
 Summon Small Mammal      Summ           0%         N/A       50%         1
 Poisonous Vapours        Pois/Air       0%         N/A       63%         2
 Call Canine Familiar     Summ           0%         N/A       86%         3
 Mephitic Cloud           Conj/Pois/Air  0%         N/A       86%         3
 Stone Arrow              Conj/Erth      0%         3d7       86%         3
 Animate Armour           Summ/Erth      0%         N/A       99%         4
 Iskenderun's Mystic Bla  Conj/Tloc      0%         2d3       99%         4
 Olgreb's Toxic Radiance  Pois           0%         N/A       99%         4
 Fireball                 Conj/Fire      0%         3d3       100%        5
 Lehudib's Crystal Spear  Conj/Erth      0%         10d2      100%        8


Dungeon Overview and Level Annotations

Branches:
Dungeon (3/15)

Altars:

Shops:
D:2 *

Annotations:
D:3 Terence


Innate Abilities, Weirdness & Mutations

You are small and have problems with some larger weapons.
You are completely attuned to the shadows.


Message History

An orc comes into view. It is wielding a +2 mace of protection.
A frilled lizard comes into view.
You shoot a bolt. The bolt hits the orc.
The orc is heavily wounded.
An orc wizard comes into view. It is wielding a +0 dagger.
You shoot a bolt. The bolt hits the orc!
You kill the orc!
You shoot a bolt.
The bolt hits the orc but does no damage.
The orc hits you with a +2 mace of protection!
You shoot a bolt. The bolt hits the orc.
The orc is severely wounded.
The orc closely misses you. The orc wizard barely misses you.
The orc misses you.
You climb upwards.
There is a stone staircase leading down here.
You shoot a bolt.
The bolt hits the orc but does no damage.
The orc is severely wounded.
The orc hits you with a +2 mace of protection.
The orc wizard points at you and mumbles some strange words.
The puff of flame hits you!
You are too injured to fight recklessly!
You are too injured to fight recklessly!
Shoot: a) +1 hand crossbow
Press: ? - help, Q - select action Shift-Dir - straight line, f/p - orc
Aim: an orc, wielding a +2 mace of protection (severely wounded, 68% to hit)
You shoot a bolt. The bolt barely misses the orc.
The orc closely misses you.
The orc wizard hits you with a +0 dagger.
* * * LOW HITPOINT WARNING * * *
The orc hits you with a +2 mace of protection.
* * * LOW HITPOINT WARNING * * *
The orc wizard closely misses you.
Okay, then.
Okay, then.
As you read the scroll of fog, it crumbles to dust.
The scroll dissolves into smoke.
The orc hits you with a +2 mace of protection.
You die...

###....#######.#.##
...........##(.#..#
##...#####.#..###.#
................#.##
#####........^.....#
##.............#
######....∩....<§..##
.....#).......§§§§§.#####
####..)........§@o#.....#
##......#...§§o......####
#####.##.###..####.####....#
...[........#.####.#########
####.##..............# #
##.#######..######## ###..#
#..#### ....## #.....#
#..#### ##.##.#


You could see an orc wizard and an orc.

Vanquished Creatures
  A gnoll (D:1)
  3 adders (D:2)
  A worm (D:2)
  An orc (D:3)
  A ball python (D:2)
  3 endoplasms
  2 giant cockroaches
  5 goblins
  3 hobgoblins
  2 quokkas (D:1)
  4 bats
  3 frilled lizards
  5 kobolds
  5 rats
39 creatures vanquished.

Notes
Turn   | Place    | Note
-------+----------+-------------------------------------------
     0 | D:1      | HoaS the Kobold Hunter began the quest for the Orb.
     0 | D:1      | Reached XP level 1. HP: 12/12 MP: 1/1
   173 | D:1      | Reached XP level 2. HP: 17/17 MP: 2/2
   207 | D:1      | Reached skill level 6 in Crossbows
   419 | D:1      | Reached XP level 3. HP: 21/21 MP: 3/3
   759 | D:2      | Found Maholuib's Assorted Antiques.
   928 | D:2      | Reached skill level 7 in Crossbows
   975 | D:2      | Reached XP level 4. HP: 26/26 MP: 4/4
  1494 | D:2      | Got the Reference Book on Attacks and Summoning
  1599 | D:3      | Noticed Terence
  1603 | D:2      | Slain by an orc

Illustrated notes

Levels and vault maps discovered:
D:1:      scummos_arrival_gate, layout_basic, minivault_11
D:2:      layout_rooms, serial_shops, shop
D:3:      minmay_angry_zag, layout_basic, uniq_terence

Skill      XL: |  1  2  3 |
---------------+----------+-----
Crossbows      | 6 7 |  7.6
Fighting       | |  2.1
Dodging        | |  2.4
Stealth        | |  1.3

Action                   |  1- 3 |  4- 6 || total
-------------------------+-------+-------++-------
 Fire: Hand crossbow     |    56 |    40 ||    96
  Use: Scroll            |     1 |     3 ||     4
Armor: Leather armour    |     7 |     5 ||    12
Dodge: Dodged            |    12 |    21 ||    33

Table legend: (Time is in decaauts)
 A = Elapsed time spent in this place.
 B = Non-inter-level travel time spent in this place.
 C = Inter-level travel time spent in this place.
 D = Time resting spent in this place.
 E = Time spent auto-exploring this place.
 F = Levels seen in this place.
 G = Mean time per level.
                   A        B        C        D        E       F      G
               +--------+--------+--------+--------+--------+-----+--------+
         Total |   1623 |   1606 |     17 |    556 |    809 |   3 |  541.0 |
       Dungeon |   1623 |   1606 |     17 |    556 |    809 |   3 |  541.0 |
               +--------+--------+--------+--------+--------+-----+--------+

Top non-repeatable levels by time:
     D:2: 987 daAuts
     D:1: 628 daAuts
     D:3: 7 daAuts
